 Dungeon Crawl Stone Soup version 0.22-a0-410-g97be04f (webtiles) character file.

2052 galech the Fighter (level 9, -4/77 HPs)
             Began as a Gnoll Wanderer on May 11, 2018.
             Slain by an orc warrior
             ... wielding a +0 halberd
              (19 damage)
             ... on level 5 of the Dungeon.
             The game lasted 00:13:18 (7829 turns).

galech the Fighter (Gnoll Wanderer)                 Turns: 7829, Time: 00:13:18

Health: -4/77      AC:  9    Str: 14    XL:     9   Next: 25%
Magic:  15/15      EV: 14    Int: 17    God:
Gold:   262        SH:  0    Dex: 18    Spells: 16/16 levels left

rFire    . . .     SeeInvis .   u - +4 hand axe
rCold    . . .     Gourm    .   (no shield)
rNeg     . . .     Faith    .   C - +2 leather armour {MR+}
rPois    .         Spirit   .   n - +0 helmet
rElec    .         Reflect  .   s - +0 cloak
rCorr    .         Harm     .   w - +0 pair of gloves
MR       +....                  (no boots)
Stlth    ++++......             A - amulet of magic regeneration
HPRegen  0.22/turn              l - ring of stealth
MPRegen  0.39/turn              g - +2 ring of dexterity

@: no status effects
A: distributed training, fangs 1, strong nose
a: no special abilities


You were on level 5 of the Dungeon.
You were not hungry.

You visited 1 branch of the dungeon, and saw 6 of its levels.

You collected 262 gold pieces.

Inventory:

Hand Weapons
 a - a +2 shortbow
 d - a +0 short sword
 u - a +4 hand axe (weapon)
 v - a +2 flail of holy wrath
 y - a +1 flail of protection
 G - a -3 spear
Missiles
 b - 86 arrows
 h - 50 bolts
Armour
 k - a +0 robe of the Archmagi
 n - a +0 helmet (worn)
 s - a +0 cloak (worn)
 w - a +0 pair of gloves (worn)
 C - a +2 leather armour of magic resistance (worn)
 I - a +0 chain mail
Jewellery
 g - a +2 ring of dexterity (right hand)
 l - a ring of stealth (left hand)
 q - an uncursed ring of positive energy
 t - an uncursed ring of flight
 A - an amulet of magic regeneration (around neck)
Wands
 j - a wand of digging (10)
Scrolls
 e - a scroll of identify
 p - 2 scrolls of blinking
 r - 3 scrolls of enchant armour
 z - a scroll of teleportation
 D - 2 scrolls of immolation {unknown}
Potions
 i - 3 potions of brilliance {unknown}
 m - 2 potions of heal wounds {unknown}
 o - a potion of degeneration {unknown}
 x - a potion of flight {unknown}
 E - a potion of agility {unknown}
 F - a potion of magic {unknown}
Comestibles
 f - 11 rations


   Skills:
 + Level 9.4 Fighting
 + Level 4.8 Short Blades
 + Level 4.0 Long Blades
 + Level 4.0 Axes
 + Level 4.0 Maces & Flails
 + Level 4.0 Polearms
 + Level 4.0 Staves
 + Level 4.0 Slings
 + Level 7.7 Bows
 + Level 4.0 Crossbows
 + Level 4.8 Throwing
 + Level 4.0 Armour
 + Level 4.0 Dodging
 + Level 4.7 Stealth
 + Level 4.0 Shields
 + Level 4.0 Unarmed Combat
 + Level 4.0 Spellcasting
 + Level 3.2 Conjurations
 + Level 3.2 Hexes
 + Level 3.2 Charms
 + Level 3.2 Summonings
 + Level 3.2 Necromancy
 + Level 3.2 Translocations
 + Level 3.2 Transmutations
 + Level 3.2 Fire Magic
 + Level 3.2 Ice Magic
 + Level 3.2 Air Magic
 + Level 3.2 Earth Magic
 + Level 3.2 Poison Magic
 + Level 4.4 Invocations
 + Level 4.0 Evocations


You had 16 spell levels left.
You didn't know any spells.

Dungeon Overview and Level Annotations

Branches:
Dungeon (6/15)
 Temple: D:4-7

Altars:
Hepliaklqana
Xom
Yredelemnul

Shops:
D:4 (   D:6 *

Annotations:
D:2 1 runed door


Innate Abilities, Weirdness & Mutations

Your experience applies equally to all skills.
You have very sharp teeth.
Your uncanny sense of smell can sniff out nearby items.


Message History

You hit the orc warrior.
The orc warrior is moderately wounded.
The orc warrior misses you.
You barely miss the orc warrior.
The orc warrior is moderately wounded.
The orc warrior hits you with a halberd!!
* * * LOW HITPOINT WARNING * * *
You slash the orc warrior!
The orc warrior is heavily wounded.
The orc warrior hits you but does no damage.
You hit the orc warrior.
The orc warrior is severely wounded.
You closely miss the orc warrior.
The orc warrior is severely wounded.
The orc warrior hits you with a halberd.
* * * LOW HITPOINT WARNING * * *
You barely miss the orc warrior.
The orc warrior is severely wounded.
The orc warrior hits you with a halberd!!
You die...

#...............#
#.#########...#.###
#.#########.......#
#..............[..#
#.##########......# #####.#
#......# ......# #.....>#
.####.# #o##.############# .#
#.##########@...###..........
.#
#................##.#########
.# ############.#...##.# .#
####.#...##.# .#
#...........# .#
#.##.#......# .#
#.##.#......# .#
#.##.#.....## .#
#########.##.#.....##########


You could see an orc warrior.

Vanquished Creatures
  The ghost of galech the Skirmisher, a novice GnWn (D:5)
  Sigmund (D:5)
  Eustachio (D:5)
  Edmund (D:4)
  A phantom (D:4)
  An ogre (D:4)
  A centaur (D:5)
  Blork the orc (D:4)
  2 howler monkeys
  A crimson imp (D:5)
  A centaur skeleton (D:4)
  4 hounds
  2 orc priests (D:3)
  3 worker ants (D:5)
  2 bullfrog skeletons
  A hound skeleton (D:5)
  Robin (D:4)
  A howler monkey zombie (D:5)
  8 adders
  17 gnolls
  A shadow imp (D:5)
  An ooze (D:5)
  An adder skeleton (D:4)
  A worm (D:3)
  4 dart slugs
  2 leopard geckos
  18 orcs
  9 bats
  6 giant cockroaches
  17 goblins
  15 hobgoblins
  10 jackals
  2 quokkas
  4 ball pythons
  4 frilled lizards
  6 kobolds
  9 rats
161 creatures vanquished.

Notes
Turn   | Place    | Note
-------+----------+-------------------------------------------
     0 | D:1      | galech the Gnoll Wanderer began the quest for the Orb.
     0 | D:1      | galech set off with: a +2 shortbow, 23 arrows, a potion of curing, a +0 short sword, a +0 robe, a ration
     0 | D:1      | Reached XP level 1. HP: 26/26 MP: 1/1
   166 | D:1      | Reached XP level 2. HP: 33/33 MP: 2/2
   767 | D:2      | Reached XP level 3. HP: 38/38 MP: 3/3
   893 | D:2      | Reached skill level 1 in Invocations
  1115 | D:2      | Reached skill level 1 in Long Blades
  1115 | D:2      | Reached skill level 1 in Axes
  1115 | D:2      | Reached skill level 1 in Maces & Flails
  1115 | D:2      | Reached skill level 1 in Polearms
  1115 | D:2      | Reached skill level 1 in Staves
  1115 | D:2      | Reached skill level 1 in Slings
  1115 | D:2      | Reached skill level 1 in Crossbows
  1115 | D:2      | Reached skill level 1 in Armour
  1115 | D:2      | Reached skill level 1 in Dodging
  1115 | D:2      | Reached skill level 1 in Shields
  1115 | D:2      | Reached skill level 1 in Unarmed Combat
  1115 | D:2      | Reached skill level 1 in Spellcasting
  1115 | D:2      | Reached skill level 1 in Evocations
  1115 | D:2      | Reached XP level 4. HP: 36/45 MP: 5/5
  1144 | D:2      | Found a runed door.
  1395 | D:3      | Reached skill level 1 in Conjurations
  1395 | D:3      | Reached skill level 1 in Hexes
  1395 | D:3      | Reached skill level 1 in Charms
  1395 | D:3      | Reached skill level 1 in Summonings
  1395 | D:3      | Reached skill level 1 in Necromancy
  1395 | D:3      | Reached skill level 1 in Translocations
  1395 | D:3      | Reached skill level 1 in Transmutations
  1395 | D:3      | Reached skill level 1 in Fire Magic
  1395 | D:3      | Reached skill level 1 in Ice Magic
  1395 | D:3      | Reached skill level 1 in Air Magic
  1395 | D:3      | Reached skill level 1 in Earth Magic
  1395 | D:3      | Reached skill level 1 in Poison Magic
  1644 | D:3      | Found a shimmering altar of Xom.
  1656 | D:3      | Reached XP level 5. HP: 50/51 MP: 6/6
  2158 | D:3      | Found a shimmering altar of Xom.
  2400 | D:3      | Reached XP level 6. HP: 22/57 MP: 8/8
  2706 | D:3      | Found a basalt altar of Yredelemnul.
  2707 | D:3      | Found a hazy altar of Hepliaklqana.
  2906 | D:4      | Noticed a phantom
  2915 | D:4      | Found Vevyag's Weapon Shoppe.
  3316 | D:4      | Reached XP level 7. HP: 33/63 MP: 10/10
  3819 | D:4      | HP: 1/63 [ogre/giant club (20)]
  4114 | D:4      | Reached skill level 9 in Fighting
  4155 | D:4      | Noticed Blork the orc
  4169 | D:4      | Killed Blork the orc
  4475 | D:4      | Noticed Robin
  4483 | D:4      | Killed Robin
  4494 | D:4      | Reached XP level 8. HP: 62/71 MP: 12/12
  4740 | D:5      | Entered Level 5 of the Dungeon
  4740 | D:5      | Noticed galech's ghost (novice GnWn)
  5146 | D:5      | Noticed Edmund
  5155 | D:5      | Noticed Eustachio
  5605 | D:5      | Noticed Sigmund
  5634 | D:5      | Killed Sigmund
  6352 | D:5      | Killed Eustachio
  6506 | D:4      | Killed Edmund
  6915 | D:6      | Found Zumonus's Assorted Antiques.
  7271 | D:5      | Killed galech's ghost
  7271 | D:5      | Reached XP level 9. HP: 46/77 MP: 13/15
  7829 | D:5      | Slain by an orc warrior

Vault maps used:
D:1:      minmay_arrival_jagged
D:2:      first_ration, minmay_cut_off, uniq_crazy_yiuf_cottage
D:3:      gammafunk_temple_overflow_pools, old_standard_altar,
          minmay_misc_feat_secret_circle, xom_teletrap_fun
D:4:      serial_shops, shop, minmay_misc_feat_rugged, dk_noncrumbling_4,
          lightli_corner_chamber, uniq_blork_the_orc, uniq_robin
D:5:      uniq_eustachio, uniq_edmund, uniq_sigmund
D:6:      minmay_temple_entry_steel_oval, serial_shops, shop,
          nicolae_shop_trees, shop, shop

Skill      XL: |  1  2  3  4  5  6  7  8 |
---------------+-------------------------+-----
Invocations    | 1 2 3 4 |  4.4
Long Blades    | 1 2 4 |  4.0
Axes           | 1 2 4 |  4.0
Maces & Flails | 1 2 4 |  4.0
Polearms       | 1 2 4 |  4.0
Staves         | 1 2 4 |  4.0
Slings         | 1 2 4 |  4.0
Crossbows      | 1 2 4 |  4.0
Armour         | 1 2 4 |  4.0
Dodging        | 1 2 4 |  4.0
Shields        | 1 2 4 |  4.0
Unarmed Combat | 1 2 4 |  4.0
Spellcasting   | 1 2 4 |  4.0
Evocations     | 1 2 4 |  4.0
Conjurations   | 1 2 3 |  3.2
Hexes          | 1 2 3 |  3.2
Charms         | 1 2 3 |  3.2
Summonings     | 1 2 3 |  3.2
Necromancy     | 1 2 3 |  3.2
Translocations | 1 2 3 |  3.2
Transmutations | 1 2 3 |  3.2
Fire Magic     | 1 2 3 |  3.2
Ice Magic      | 1 2 3 |  3.2
Air Magic      | 1 2 3 |  3.2
Earth Magic    | 1 2 3 |  3.2
Poison Magic   | 1 2 3 |  3.2
Short Blades   | 3 4 |  4.8
Throwing       | 3 4 |  4.8
Stealth        | 3 4 |  4.7
Bows           | 7 |  7.7
Fighting       | 9 |  9.4

Action                   |  1- 3 |  4- 6 |  7- 9 || total
-------------------------+-------+-------+-------++-------
Melee: Hand axe          |     4 |   169 |   371 ||   544
       Bite              |       |    16 |    54 ||    70
       Punch             |       |     1 |     3 ||     4
 Fire: Shortbow          |    85 |       |    27 ||   112
Evoke: Wand              |       |       |     5 ||     5
  Use: Scroll            |       |     3 |     4 ||     7
       Potion            |       |       |     4 ||     4
 Stab: Sleeping          |       |    10 |     2 ||    12
       Distracted        |       |       |     2 ||     2
  Eat: Chunk             |       |     8 |     2 ||    10
       Ration            |       |       |     4 ||     4
Armor: Robe              |     3 |    32 |    21 ||    56
       Leather armour    |       |       |    86 ||    86
Dodge: Dodged            |    13 |   110 |   308 ||   431

Table legend:
 A = Spawn XP
 B = Non-spawn XP
 C = Spawn XP percentage of total XP
 D = Spawn monster count
 E = Non-spawn monster count
 F = Spawn count percentage of total count
 G = Total turns spent on level
                    A         B        C        D         E        F      G
               +---------+---------+-------+---------+---------+-------+---------
         Total |       0 |    2932 |   0.0 |       0 |     161 |   0.0 |  7829
               +---------+---------+-------+---------+---------+-------+---------
           D:1 |       0 |      30 |   0.0 |       0 |      20 |   0.0 |   765
           D:2 |       0 |      73 |   0.0 |       0 |      27 |   0.0 |   610
           D:3 |       0 |     306 |   0.0 |       0 |      44 |   0.0 |  1764
           D:4 |       0 |     978 |   0.0 |       0 |      45 |   0.0 |  2587
           D:5 |       0 |    1542 |   0.0 |       0 |      24 |   0.0 |  2083
           D:6 |       0 |       3 |   0.0 |       0 |       1 |   0.0 |    20
               +---------+---------+-------+---------+---------+-------+---------
